 Dungeon Crawl Stone Soup version 0.30-a0-381-g6ea064c7b4 (webtiles) character file.

Game seed: 9510383909177650834

1100 Lobster4 the Ruffian (level 8, -3/67 HPs)
             Began as a Ghoul Monk on Dec 1, 2022.
             Was a Believer of Kikubaaqudgha.
             Slain by a killer bee (8 damage)
             ... on level 7 of the Dungeon.
             The game lasted 00:24:40 (6187 turns).

Lobster4 the Ruffian (Ghoul Monk)                   Turns: 6187, Time: 00:24:41

Health: -3/67      AC:  7    Str: 15    XL:     8   Next: 32%
Magic:  10/10      EV: 12    Int:  7    God:    Kikubaaqudgha [**....]
Gold:   259        SH:  0    Dex: 11    Spells: 10/11 levels left

rFire   . . .      SeeInvis .    e - +0 dagger (venom)
rCold   + . .      Faith    .    (no shield)
rNeg    + + +      Spirit   .    k - +0 leather armour
rPois   ∞          Reflect  .    u - +1 helmet
rElec   .          Harm     .    o - +0 cloak
rCorr   .          Rampage  .    (no gloves)
Will    .....                    J - +0 pair of boots
Stlth   ++........               (no amulet)
HPRegen 0.00/turn                (no ring)
MPRegen 0.12/turn                (no ring)

@: inhibited regen
A: claws 1, cold resistance 1, negative energy resistance 3, inhibited
regeneration, torment resistance 2, devour on kill
a: Renounce Religion, Unearth Wretches


You were on level 7 of the Dungeon.
You worshipped Kikubaaqudgha.
Kikubaaqudgha was pleased with you.
You visited 2 branches of the dungeon, and saw 8 of its levels.

You collected 306 gold pieces.
You spent 47 gold pieces at shops.

Inventory:

Hand Weapons
 a - a +2 dagger of freezing
 b - a +0 sling of draining
 e - a +0 dagger of venom (weapon)
 r - a +2 flail of venom
 t - a +2 hammer of venom
Missiles
 A - 9 poisoned darts
 G - 4 javelins
 H - 5 atropa-tipped darts
Armour
 k - a +0 leather armour (worn)
 o - a +0 cloak (worn)
 q - a +0 ring mail
 s - a +2 pair of gloves
 u - a +1 helmet (worn)
 J - a +0 pair of boots (worn)
Jewellery
 d - a ring of ice
Wands
 F - a wand of charming (12)
Scrolls
 h - a scroll of teleportation
 j - a scroll of butterflies
 n - a scroll of enchant armour
 p - 2 scrolls of silence {unknown}
 v - a scroll of fear {unknown}
 w - a scroll of amnesia {unknown}
 x - a scroll of magic mapping
 y - a scroll of blinking {unknown}
 z - a scroll of vulnerability {unknown}
 E - a scroll of enchant weapon {unknown}
 I - a scroll of torment {unknown}
 K - a scroll of identify
Potions
 c - 3 potions of degeneration {unknown}
 f - 3 potions of curing {unknown}
 g - a potion of haste
 i - 3 potions of lignification {unknown}
 l - a potion of ambrosia
 m - a potion of attraction {unknown}
 B - a potion of resistance
 C - 2 potions of heal wounds {unknown}
 D - a potion of mutation {unknown}


   Skills:
 + Level 4.9 Fighting
 - Level 1.0 Short Blades
 - Level 1.0 Maces & Flails
 + Level 2.5 Ranged Weapons
 + Level 3.0 Armour
 + Level 4.2 Dodging
 - Level 4.0 Stealth
 + Level 5.0 Unarmed Combat
 + Level 2.3 Spellcasting
 + Level 0.3 Necromancy
 + Level 2.9 Earth Magic


You had 10 spell levels left.
You knew the following spells:

 Your Spells              Type           Power      Damage    Failure   Level
a - Sandblast             Erth           8%         2d5       14%         1

Your spell library contained the following spells:

 Spells                   Type           Power      Damage    Failure   Level
 Passwall                 Tmut/Erth      1%         N/A       36%         2
 Necrotise                Necr           4%         1d4       38%         1
 Kiss of Death            Conj/Necr      4%         2d5       41%         1
 Slow                     Hex            0%         N/A       41%         1
 Sting                    Tmut/Pois      0%         1d3       41%         1
 Summon Small Mammal      Summ           0%         N/A       41%         1
 Cigotuvi's Dreadful Rot  Necr/Pois/Air  0%         N/A       54%         2
 Poisonous Vapours        Pois/Air       0%         N/A       56%         2
 Stone Arrow              Conj/Erth      4%         3d7       58%         3
 Vampiric Draining        Necr           1%         2d6       77%         3
 Call Canine Familiar     Summ           0%         N/A       80%         3
 Confusing Touch          Hex            0%         N/A       80%         3
 Inner Flame              Hex/Fire       0%         N/A       80%         3
 Summon Guardian Golem    Hex/Summ       0%         N/A       80%         3
 Animate Dead             Necr           1%         N/A       99%         4
 Cause Fear               Hex            0%         N/A       99%         4
 Dispel Undead            Necr           1%         3d6       99%         4
 Olgreb's Toxic Radiance  Pois           0%         N/A       99%         4
 Death Channel            Necr           0%         N/A       100%        6
 Summon Hydra             Summ           0%         N/A       100%        7
 Discord                  Hex            0%         N/A       100%        8
 Sublimation of Blood     Necr           Unusable   N/A       N/A         2
 Wereblood                Tmut           Unusable   N/A       N/A         2

Dungeon Overview and Level Annotations

Branches:
Dungeon (7/15)             Temple (1/1) D:6

Altars:
Ashenzari
Cheibriados
Dithmenos
Fedhas
Gozag
Hepliaklqana
Kikubaaqudgha
Makhleb
Nemelex Xobeh
Okawaru
Qazlal
Ru
Sif Muna
Trog
Uskayaw
Wu Jian
Yredelemnul

Shops:
D:1 (   D:4 *

Annotations:
D:2 Sigmund
D:3 1 runed translucent door, Crazy Yiuf


Innate Abilities, Weirdness & Mutations

You are immune to poison.
You have sharp fingernails.
Your flesh is cold resistant. (rC+)
You are immune to negative energy. (rN+++)
You do not regenerate when monsters are visible.
You are immune to unholy pain and torment.
You thrive by killing the living.


Message History

The killer bee stings you!
You closely miss the killer bee. The killer bee closely misses you.
You hit the killer bee but do no damage.
The killer bee stings you but does no damage.
The killer bee closely misses you.
You miss the killer bee. The killer bee stings you!
The killer bee barely misses you.
You closely miss the killer bee. Your claw misses the killer bee.
The killer bee misses you. The killer bee barely misses you.
You barely miss the killer bee. The killer bee closely misses you. x2
You closely miss the killer bee. You claw the killer bee.
The killer bee is moderately wounded.
The killer bee stings you! x2
* * * LOW HITPOINT WARNING * * *
You hit the killer bee.
The killer bee is moderately wounded.
The killer bee stings you.
* * * LOW HITPOINT WARNING * * *
You miss the killer bee.
The killer bee is moderately wounded.
The killer bee stings you but does no damage. x2
You barely miss the killer bee.
The killer bee is moderately wounded.
The killer bee stings you.
* * * LOW HITPOINT WARNING * * *
The killer bee stings you.
* * * LOW HITPOINT WARNING * * *
You miss the killer bee.
The killer bee is moderately wounded.
The killer bee stings you.
* * * LOW HITPOINT WARNING * * *
The killer bee stings you.
* * * LOW HITPOINT WARNING * * *
You barely miss the killer bee.
The killer bee is moderately wounded.
The killer bee stings you.
* * * LOW HITPOINT WARNING * * *
The killer bee stings you!
You die...
Kikubaaqudgha rasps: "You have failed me!
Welcome... oblivion!"

### #<#
#@#
###y#
#..†#
#.###
#...#
#...##
.....
..y#...
.# ..##


You could see a killer bee.

Vanquished Creatures
  A water moccasin (D:6)
  An ice beast (D:4)
  5 scorpions
  2 killer bees (D:7)
  3 orc priests
  2 hounds
  2 jellies
  An iguana (D:5)
  Ijyb (D:4)
  Robin (D:3)
  7 gnolls
  7 adders
  3 worms
  3 dart slugs
  5 orcs
  4 ball pythons
  9 endoplasms
  3 giant cockroaches
  16 goblins
  11 hobgoblins
  5 jackals
  9 kobolds
  6 quokkas
  10 bats
  4 frilled lizards
  4 rats
125 creatures vanquished.

Notes
Turn   | Place    | Note
-------+----------+-------------------------------------------
     0 | D:1      | Lobster4 the Ghoul Monk began the quest for the Orb.
     0 | D:1      | Reached XP level 1. HP: 19/19 MP: 0/0
   181 | D:1      | Reached XP level 2. HP: 18/26 MP: 1/1
   605 | D:1      | Found Cireddeu's Weapon Shop.
   642 | D:1      | Reached XP level 3. HP: 26/31 MP: 2/2
   816 | D:1      | Reached skill level 1 in Armour
  1023 | D:1      | Bought a +0 sling of draining for 47 gold pieces
  1218 | D:2      | Reached XP level 4. HP: 40/40 MP: 3/3
  1358 | D:2      | Learned a level 1 spell: Sandblast
  1478 | D:2      | Reached skill level 1 in Short Blades
  1791 | D:2      | Reached XP level 5. HP: 46/46 MP: 4/4
  1792 | D:2      | Noticed Sigmund
  2346 | D:3      | Found a runed translucent door.
  2347 | D:3      | Noticed Crazy Yiuf
  2392 | D:3      | Reached skill level 1 in Ranged Weapons
  2392 | D:3      | Reached skill level 4 in Unarmed Combat
  2571 | D:3      | Noticed Robin
  2584 | D:3      | Killed Robin
  2585 | D:3      | Reached skill level 1 in Earth Magic
  2605 | D:3      | Found a hide-covered altar of Uskayaw.
  2734 | D:3      | Found an iron altar of Okawaru.
  2888 | D:3      | Reached skill level 1 in Spellcasting
  2888 | D:3      | Reached XP level 6. HP: 52/52 MP: 6/6
  3006 | D:4      | Noticed an ice beast
  3217 | D:4      | Killed an ice beast
  3253 | D:4      | Noticed Ijyb
  3568 | D:4      | You fall into a shaft and drop 2 floors!
  3579 | D:5      | Entered Level 5 of the Dungeon
  3632 | D:4      | Found Ruawn's Fire Supplies.
  3643 | D:4      | Reached skill level 1 in Maces & Flails
  3869 | D:4      | Reached XP level 7. HP: 59/59 MP: 8/8
  3905 | D:4      | Killed Ijyb
  4560 | D:5      | Found an opulent altar of Gozag.
  4953 | D:6      | Reached XP level 8. HP: 61/67 MP: 10/10
  5029 | D:6      | Found a staircase to the Ecumenical Temple.
  5544 | Temple   | Entered the Ecumenical Temple
  5659 | Temple   | Became a worshipper of Kikubaaqudgha
  5659 | Temple   | Reached * piety under Kikubaaqudgha
  5659 | Temple   | Received a gift from Kikubaaqudgha
  5659 | Temple   | Reached ** piety under Kikubaaqudgha
  6175 | D:7      | Reached skill level 5 in Unarmed Combat
  6187 | D:7      | Slain by a killer bee

Illustrated notes

Levels and vault maps discovered:
D:1:      erik_arrival_blinker_ship, layout_loops_corners, serial_shops,
          nicolae_shop_hallway_plus, minmay_pentomino_s2
D:2:      layout_loops_ring, nicolae_grassy_gnolls, uniq_sigmund
D:3:      layout_rooms, mainiacjoe_overflow_small_starburst,
          nicolae_uskayaw_dance_hall, minivault_25, uniq_robin,
          uniq_crazy_yiuf_cottage
D:4:      layout_cave_pods, mainiacjoe_overflow_tiny_flanked,
          nicolae_shop_fire_sale [nicolae_sub_dead_trees], uniq_ijyb
D:5:      layout_cave_pools, nicolae_gozag_seed_capital
D:6:      layout_gridville, minmay_temple_entry_proselytizer
D:7:      layout_rooms
Temple:   regret_index_temple_sphere_string

Skill      XL: |  1  2  3  4  5  6  7  8 |
---------------+-------------------------+-----
Armour         | 1 2 3 |  3.0
Dodging        | 3 4 |  4.2
Stealth        | 3 4 |  4.0
Short Blades   | 1 |  1.0
Ranged Weapons | 1 2 |  2.5
Unarmed Combat | 4 5 |  5.0
Earth Magic    | 1 2 |  2.9
Spellcasting   | 1 2 |  2.3
Fighting       | 4 |  4.9
Maces & Flails | 1 |  1.0
Necromancy     | |  0.3

Action                   |  1- 3 |  4- 6 |  7- 9 || total
-------------------------+-------+-------+-------++-------
Melee: Unarmed           |    25 |       |       ||    25
       Dagger            |    96 |    97 |   118 ||   311
       Punch             |     3 |     3 |     3 ||     9
 Fire: Sling             |    16 |   151 |    48 ||   215
Throw: Stone             |     1 |       |       ||     1
       Dart              |       |       |     2 ||     2
  Use: Scroll            |       |     2 |     8 ||    10
 Stab: Sleeping          |     4 |       |       ||     4
Armor: Robe              |    10 |       |       ||    10
       Leather armour    |    32 |    40 |    36 ||   108
Dodge: Dodged            |    62 |    95 |    69 ||   226

Table legend: (Time is in decaauts)
 A = Elapsed time spent in this place.
 B = Non-inter-level travel time spent in this place.
 C = Inter-level travel time spent in this place.
 D = Time resting spent in this place.
 E = Time spent auto-exploring this place.
 F = Levels seen in this place.
 G = Mean time per level.
                   A        B        C        D        E       F      G
               +--------+--------+--------+--------+--------+-----+--------+
         Total |   6225 |   5851 |    374 |    889 |   3592 |   8 |  778.1 |
       Dungeon |   6055 |   5708 |    347 |    889 |   3467 |   7 |  865.0 |
        Temple |    170 |    143 |     27 |      0 |    125 |   1 |  170.0 |
               +--------+--------+--------+--------+--------+-----+--------+

Top non-repeatable levels by time:
     D:6: 1172 daAuts
     D:4: 1119 daAuts
     D:2: 1058 daAuts
     D:1: 1052 daAuts
     D:3: 971 daAuts
     D:5: 650 daAuts
  Temple: 170 daAuts
     D:7: 30 daAuts
